 Dungeon Crawl Stone Soup version 0.30.0-5-g1a98f26d00 (webtiles) character file.

Game seed: 12742835462325582401

606 Kass the Covert (level 7, 0/54 (60) HPs)
             Began as a Gnoll Delver on May 12, 2023.
             Was a Believer of Dithmenos.
             Succumbed to Crazy Yiuf's poison
             ... on level 5 of the Dungeon.
             The game lasted 00:08:58 (3325 turns).

Kass the Covert (Gnoll Delver)                      Turns: 3325, Time: 00:08:59

HP:   0/54 (60)     AC:  4    Str: 13    XL:     7   Next: 42%
MP:   7/10          EV: 13    Int: 10    God:    Dithmenos [**....]
Gold: 165           SH:  0    Dex: 13    Spells: 8/11 levels left

rFire   . . .        u - +2 dagger (venom)
rCold   . . .        (no shield)
rNeg    . . .        b - +0 leather armour
rPois   .            p - +0 helmet
rElec   .            (no cloak)
rCorr   .            (no gloves)
SInv    .            (no boots)
Will    .....        (no amulet)
Stlth   +++++        (no ring)
HPRegen 0.29/turn    (no ring)
MPRegen 0.12/turn

%: no passive effects
@: lethally poisoned (0 -> -41), wreathed by umbra, heavily drained
A: fangs 1, strong nose, distributed training
a: Renounce Religion, Shadow Step


You were on level 5 of the Dungeon.
You worshipped Dithmenos.
Dithmenos was pleased with you.
You visited 1 branch of the dungeon, and saw 5 of its levels.

You collected 165 gold pieces.

Inventory:

Hand Weapons
 a - a +0 spear
 u - a +2 dagger of venom (weapon)
Missiles
 k - 3 poisoned darts (quivered)
 l - 6 boomerangs
Armour
 b - a +0 leather armour (worn)
 p - a +0 helmet (worn)
Jewellery
 s - a ring of resist corrosion
 v - a ring of fire
Wands
 g - a wand of digging (3)
Scrolls
 c - 4 scrolls of fog
 d - 2 scrolls of magic mapping
 e - 2 scrolls of fear
 j - 8 scrolls of identify {unknown}
 m - 2 scrolls of teleportation {unknown}
 q - a scroll of enchant armour {unknown}
 t - a scroll of noise {unknown}
 x - a scroll of poison {unknown}
 y - a scroll of vulnerability {unknown}
Potions
 f - 2 potions of haste
 h - a potion of heal wounds {unknown}
 i - 3 potions of resistance {unknown}
 n - 2 potions of attraction {unknown}
 o - 2 potions of curing
 r - 2 potions of brilliance {unknown}
 w - 2 potions of berserk rage {unknown}
 z - a potion of lignification {unknown}
 A - a potion of invisibility {unknown}


   Skills:
 + Level 7.1 Fighting
 + Level 2.6 Short Blades
 + Level 2.6 Long Blades
 + Level 2.6 Axes
 + Level 2.6 Maces & Flails
 + Level 5.3 Polearms
 + Level 2.6 Staves
 + Level 2.6 Ranged Weapons
 + Level 2.6 Throwing
 + Level 2.6 Armour
 + Level 5.3 Dodging
 + Level 9.9 Stealth
 + Level 2.6 Shields
 + Level 2.6 Unarmed Combat
 + Level 2.6 Spellcasting
 + Level 2.1 Conjurations
 + Level 2.1 Hexes
 + Level 2.1 Summonings
 + Level 2.1 Necromancy
 + Level 2.1 Translocations
 + Level 2.1 Transmutations
 + Level 2.1 Fire Magic
 + Level 2.1 Ice Magic
 + Level 2.1 Air Magic
 + Level 2.1 Earth Magic
 + Level 2.1 Poison Magic
 + Level 2.9 Invocations
 + Level 2.6 Evocations


You had 8 spell levels left.
You knew the following spells:

 Your Spells              Type           Power      Damage    Failure   Level
a - Freeze                Ice            20%        1d4       16%         1
b - Cigotuvi's Dreadful   Necr/Pois/Air  10%        N/A       24%         2

Your spell library contained the following spells:

 Spells                   Type           Power      Damage    Failure   Level
 Frozen Ramparts          Ice            10%        1d2       43%         3
 Hailstorm                Conj/Ice       5%         3d4       43%         3
 Ignite Poison            Fire/Tmut/Pois 5%         N/A       43%         3
 Freezing Cloud           Conj/Ice/Air   2%         6-21      99%         5


Dungeon Overview and Level Annotations

Branches:
Dungeon (5/15)
 Temple: D:4-7

Altars:
Cheibriados
Dithmenos
Fedhas
Hepliaklqana
Kikubaaqudgha

Shops:
D:2 ?

Annotations:
D:5 Crazy Yiuf


Innate Abilities, Weirdness & Mutations

You have very sharp teeth.
Your uncanny sense of smell can sniff out nearby items.
Your experience applies equally to all skills.


Message History

Found a hammer.
You see here a +0 hammer.
You see here a +0 hammer.
Found seven hammers.
Found a runed translucent door.
You see here a +1 hammer of holy wrath.
Found a hammer.
You see here a +0 hammer.
You see here a +0 hammer.
Found three hammers.
Crazy Yiuf shouts!
Crazy Yiuf whimpers, "Snoogle sanguine arm!"
You see here a +0 hammer.
You open the door.
Throw: 4 darts (poison)
Press: ? - help, Q - select action, (/) - cycle Shift-Dir - straight line, f - Crazy Yiuf
Aim: Crazy Yiuf, wielding a +3 quarterstaff of chaos and wearing a +0 cloak (umbra, 65% to hit)
You throw a poisoned dart.
The poisoned dart closely misses Crazy Yiuf.
Cast which spell? (? or * to list)
A part of your flesh rots into a cloud of miasma!
You feel drained.
Crazy Yiuf hits you with a +3 quarterstaff of chaos!
Crazy Yiuf freezes you.
You barely miss Crazy Yiuf.
You are engulfed in dark miasma.
You are poisoned.
You feel very sick.
Crazy Yiuf waves his quarterstaff at you.
Crazy Yiuf hits you with a +3 quarterstaff of chaos!
You hit Crazy Yiuf.
Crazy Yiuf is poisoned.
Crazy Yiuf is lightly wounded.
You are engulfed in dark miasma.
You are lethally poisoned!
* * * LOW HITPOINT WARNING * * *
You feel extremely sick.
Crazy Yiuf cries, "Earwax!"
Crazy Yiuf hits you with a +3 quarterstaff of chaos.
* * * LOW HITPOINT WARNING * * *
You feel your power leaking away. Crazy Yiuf attacks as you move away!
Crazy Yiuf hits you but does no damage.
You are more poisoned.
You die...

#.# #...##
###.≈.#......
#.# #....#
#...≈......##
#.# #+..+#
#..........##
#.# ♣.PP.♣
###..........
#.# ♣♣PP)♣
#.#.....>##
♣♣)♣♣
###.#........
♣♣)♣
#...#.<......
♣)♣♣
###.#........
♣♣@♣
#..........
♣○♣♣
#...#.....#
#g#
#._.#.....#
)))
###...#....†.
#)))#
#.....#)....#
#)()#
#...#.......#
#####
###.#.#####.#
#.#.# #.#
#####.#.# #.#


You could see Crazy Yiuf (very poisoned).

Vanquished Creatures
  A black bear (D:5)
  An ogre (D:5)
  A phantom (D:5)
  4 killer bees (D:5)
  A hound (D:5)
  An iguana (D:5)
  4 gnolls (D:2)
  An adder (D:3)
  A shadow imp (D:5)
  3 worms
  2 dart slugs
  4 orcs
  6 bats
  5 endoplasms
  2 giant cockroaches
  6 goblins
  5 hobgoblins
  4 kobolds
  2 quokkas (D:1)
  A ball python (D:1)
  7 rats
62 creatures vanquished.

Notes
Turn   | Place    | Note
-------+----------+-------------------------------------------
     0 | D:5      | Reached skill level 9 in Stealth
     0 | D:5      | Kass the Gnoll Delver began the quest for the Orb.
     0 | D:5      | Reached XP level 1. HP: 23/23 MP: 1/1
    43 | D:5      | Noticed a black bear
   335 | D:2      | Reached XP level 2. HP: 29/29 MP: 2/2
   653 | D:1      | Reached XP level 3. HP: 35/35 MP: 3/3
   795 | D:1      | Reached skill level 1 in Invocations
  1300 | D:2      | Found Buamei's Magic Scroll Emporium.
  1424 | D:2      | Reached skill level 1 in Short Blades
  1424 | D:2      | Reached skill level 1 in Long Blades
  1424 | D:2      | Reached skill level 1 in Axes
  1424 | D:2      | Reached skill level 1 in Maces & Flails
  1424 | D:2      | Reached skill level 1 in Staves
  1424 | D:2      | Reached skill level 1 in Ranged Weapons
  1424 | D:2      | Reached skill level 1 in Throwing
  1424 | D:2      | Reached skill level 1 in Armour
  1424 | D:2      | Reached skill level 1 in Shields
  1424 | D:2      | Reached skill level 1 in Unarmed Combat
  1424 | D:2      | Reached skill level 1 in Spellcasting
  1424 | D:2      | Reached skill level 1 in Evocations
  1431 | D:2      | Reached XP level 4. HP: 30/41 MP: 5/5
  1507 | D:2      | Reached skill level 1 in Conjurations
  1507 | D:2      | Reached skill level 1 in Hexes
  1507 | D:2      | Reached skill level 1 in Summonings
  1507 | D:2      | Reached skill level 1 in Necromancy
  1507 | D:2      | Reached skill level 1 in Translocations
  1507 | D:2      | Reached skill level 1 in Transmutations
  1507 | D:2      | Reached skill level 1 in Fire Magic
  1507 | D:2      | Reached skill level 1 in Ice Magic
  1507 | D:2      | Reached skill level 1 in Air Magic
  1507 | D:2      | Reached skill level 1 in Earth Magic
  1507 | D:2      | Reached skill level 1 in Poison Magic
  1834 | D:2      | Found a faded altar of an unknown god.
  1841 | D:2      | Prayed at the altar of an unknown god.
  1841 | D:2      | Became a worshipper of Dithmenos the Shadowed
  1841 | D:2      | Reached * piety under Dithmenos
  2160 | D:3      | Found a hazy altar of Hepliaklqana.
  2231 | D:3      | Learned a level 1 spell: Freeze
  2234 | D:3      | Learned a level 2 spell: Cigotuvi's Dreadful Rot
  2639 | D:4      | Found a snail-covered altar of Cheibriados.
  2751 | D:5      | Found a shadowy altar of Dithmenos.
  2764 | D:5      | Reached XP level 5. HP: 47/47 MP: 7/7
  2839 | D:5      | Noticed a phantom
  2844 | D:5      | Killed a phantom
  2845 | D:5      | Reached XP level 6. HP: 53/53 MP: 8/8
  2853 | D:5      | Killed a black bear
  2854 | D:5      | Reached skill level 5 in Polearms
  2854 | D:5      | Reached skill level 5 in Dodging
  2877 | D:5      | Found a blossoming altar of Fedhas.
  3102 | D:5      | Found an ancient bone altar of Kikubaaqudgha.
  3108 | D:5      | Reached XP level 7. HP: 60/60 MP: 10/10
  3128 | D:5      | Reached ** piety under Dithmenos
  3316 | D:5      | Found a runed translucent door.
  3317 | D:5      | Noticed Crazy Yiuf
  3325 | D:5      | Succumbed to Crazy Yiuf's poison

Illustrated notes

Levels and vault maps discovered:
D:1:      dpeg_arrival_houses_and_road, layout_basic,
          minmay_misc_feat_four_crosses
D:2:      layout_rooms, serial_shops, shop, dilly_ecumenical_altar_fadedgnrine,
          nicolae_concentric_dashed_squares_mild, nicolae_grassy_gnolls
D:3:      layout_basic, nzn_hepliaklqana_mist_gate
D:4:      layout_cave_pools, slow_altar_2
D:5:      layout_loops_ring, mainiacjoe_overflow_24_doors,
          mainiacjoe_overflow_boulevard, mainiacjoe_overflow_alcove_1,
          kennysheep_little_box, supply_closet_lemuel, uniq_crazy_yiuf_cottage

Skill      XL: |  1  2  3  4  5  6  7 |
---------------+----------------------+-----
Stealth        | |  9.9
Invocations    | 1 2 |  2.9
Short Blades   | 1 2 |  2.6
Long Blades    | 1 2 |  2.6
Axes           | 1 2 |  2.6
Maces & Flails | 1 2 |  2.6
Staves         | 1 2 |  2.6
Ranged Weapons | 1 2 |  2.6
Throwing       | 1 2 |  2.6
Armour         | 1 2 |  2.6
Shields        | 1 2 |  2.6
Unarmed Combat | 1 2 |  2.6
Spellcasting   | 1 2 |  2.6
Evocations     | 1 2 |  2.6
Conjurations   | 1 2 |  2.1
Hexes          | 1 2 |  2.1
Summonings     | 1 2 |  2.1
Necromancy     | 1 2 |  2.1
Translocations | 1 2 |  2.1
Transmutations | 1 2 |  2.1
Fire Magic     | 1 2 |  2.1
Ice Magic      | 1 2 |  2.1
Air Magic      | 1 2 |  2.1
Earth Magic    | 1 2 |  2.1
Poison Magic   | 1 2 |  2.1
Polearms       | 5 |  5.3
Dodging        | 5 |  5.3
Fighting       | 7 |  7.1

Action                     |  1- 3 |  4- 6 |  7- 9 || total
---------------------------+-------+-------+-------++-------
  Melee: Spear             |    99 |    63 |       ||   162
         Bite              |     8 |    12 |       ||    20
         Punch             |     1 |     1 |       ||     2
         Dagger            |       |    28 |    16 ||    44
  Throw: Dart              |     1 |     5 |     1 ||     7
   Cast: Cigotuvi's Dreadf |       |       |     1 ||     1
    Use: Potion            |       |       |     2 ||     2
   Stab: Sleeping          |    13 |    13 |     1 ||    27
 Armour: Leather armour    |    12 |     9 |     3 ||    24
  Dodge: Dodged            |    43 |    31 |    20 ||    94
